 Dungeon Crawl Stone Soup version 0.30-a0-358-g0d69a1922f (webtiles) character file.

Game seed: 869731700568291685

377 koil the Sneak (level 6, -2/44 HPs)
             Began as a Vampire Enchanter on Nov 10, 2022.
             Was an Initiate of Makhleb.
             Slain by Duvessa
             ... wielding a +0 rapier
              (5 damage)
             ... on level 4 of the Dungeon.
             The game lasted 00:09:49 (2917 turns).

koil the Sneak (Vampire Enchanter)                  Turns: 2917, Time: 00:09:49

Health: -2/44      AC:  2    Str:  7    XL:     6   Next: 45%
Magic:  2/10       EV: 13    Int: 25    God:    Makhleb [......]
Gold:   167        SH:  0    Dex: 15    Spells: 6/11 levels left

rFire   + . .      SeeInvis +    a - +1 dagger
rCold   + . .      Faith    .    (no shield)
rNeg    . . .      Spirit   .    v - +0 robe
rPois   .          Reflect  .    (no helmet)
rElec   .          Harm     .    t - scarf {rC+ rF+}
rCorr   .          Rampage  .    (no gloves)
Will    .....                    (no boots)
Stlth   +++.......               (no amulet)
HPRegen 0.47/turn                l - +6 ring of intelligence
MPRegen 0.12/turn                q - ring of wizardry

@: confusing by touch, healing quickly
A: alive, fangs 3, see invisible, vampiric 2
a: Exsanguinate, Renounce Religion


You were on level 4 of the Dungeon.
You worshipped Makhleb.
Makhleb was noncommittal.
You visited 1 branch of the dungeon, and saw 4 of its levels.

You collected 167 gold pieces.

Inventory:

Hand Weapons
 a - a +1 dagger (weapon)
 b - a +0 arbalest
Missiles
 u - 10 poisoned darts (quivered)
Armour
 d - a +0 cloak
 j - a +0 leather armour
 n - a +0 pair of boots
 t - a scarf of resistance (worn)
 v - a +0 robe (worn)
Jewellery
 l - a +6 ring of intelligence (left hand)
 q - a ring of wizardry (right hand)
 r - a ring of resist corrosion
 w - an amulet of reflection
Wands
 e - a wand of mindburst (14)
 y - a wand of polymorph (4)
Scrolls
 g - a scroll of noise {unknown}
 i - a scroll of poison {unknown}
 k - 3 scrolls of identify {unknown}
 m - a scroll of enchant armour {unknown}
 p - 5 scrolls of teleportation {unknown}
 A - a scroll of blinking {unknown}
Potions
 c - 2 potions of invisibility
 f - 2 potions of lignification
 h - a potion of brilliance {unknown}
 o - 2 potions of mutation {unknown}
 s - 3 potions of attraction {unknown}
 x - a potion of heal wounds {unknown}
 z - 2 potions of degeneration {unknown}


   Skills:
 + Level 2.2 Fighting
 + Level 3.0 Short Blades
 + Level 3.4 Dodging
 + Level 6.1 Stealth
 + Level 3.0 Spellcasting
 + Level 6.0 Hexes


You had 6 spell levels left.
You knew the following spells:

 Your Spells              Type           Power      Damage    Failure   Level
a - Ensorcelled Hibernat  Hex/Ice        36%        N/A       1%          2
b - Confusing Touch       Hex            34%        N/A       1%          3

Your spell library contained the following spells:

 Spells                   Type           Power      Damage    Failure   Level
 Tukima's Dance           Hex            34%        N/A       1%          3
 Dazzling Flash           Conj/Hex       36%        N/A       3%          3


Dungeon Overview and Level Annotations

Branches:
Dungeon (4/15)
 Temple: D:4-7

Altars:
Makhleb

Shops:
D:1 [

Annotations:
D:4 Dowan, Duvessa


Innate Abilities, Weirdness & Mutations

Your natural rate of healing is accelerated.
You have razor-sharp teeth.
You have supernaturally acute eyesight. (SInv)
You are afflicted with vampirism and can become a bat while bloodless.


Message History

Press: ? - help, Shift-Dir - straight line, f/p - Duvessa
Aim: Duvessa, wielding a +0 rapier and wearing a +0 leather armour (chance to affect: 33%) Duvessa easily resists.
Duvessa completely misses you. The frilled lizard misses you.
Dowan hits you but does no damage. The frilled lizard closely misses you.
Casting: Ensorcelled Hibernation (safe; 1% risk of failure)
Confirm with . or Enter, or press ? or * to list all spells.
Aiming: Ensorcelled Hibernation (safe; 1% risk of failure)
Press: ? - help, Shift-Dir - straight line, f/p - Duvessa
Aim: Duvessa, wielding a +0 rapier and wearing a +0 leather armour (chance to affect: 33%) Duvessa easily resists.
Duvessa closely misses you.
Dowan says, "Stay away from my face!"
Dowan closely misses you. The frilled lizard barely misses you.
The frilled lizard bites you but does no damage.
Casting: Ensorcelled Hibernation (safe; 1% risk of failure)
Confirm with . or Enter, or press ? or * to list all spells.
Your hands begin to glow red.
Duvessa hits you with a +0 rapier.
The frilled lizard completely misses you.
The frilled lizard bites you. Dowan hits you with a +0 dagger.
You shoot a bolt. The bolt closely misses Duvessa.
Duvessa hits you with a +0 rapier! Dowan closely misses you.
The frilled lizard bites you but does no damage.
The frilled lizard bites you.
The frilled lizard bites you but does no damage.
Duvessa hits you with a +0 rapier. The frilled lizard bites you.
Dowan hits you with a +0 dagger.
a - a +1 dagger (weapon)
You barely miss Duvessa. Duvessa hits you with a +0 rapier!
* * * LOW HITPOINT WARNING * * *
Dowan hits you with a +0 dagger.
* * * LOW HITPOINT WARNING * * *
The frilled lizard misses you. The frilled lizard bites you.
* * * LOW HITPOINT WARNING * * *
You hit Duvessa but do no damage. Duvessa misses you.
Dowan says, "Stay away from my face!"
Dowan barely misses you. The frilled lizard barely misses you.
The frilled lizard bites you.
* * * LOW HITPOINT WARNING * * *
You barely miss Duvessa. Duvessa hits you with a +0 rapier.
You die...

.### #e...........
............ ....
!..... . #.. #..#
..###..###..###
......?!...>g)#
...........ell#
...........e@.#
..............#
#.>.##.####.#########
#...## #.##.####.##
#....# #....#.....#
#....# #....#.....#
#....# #..†.#.....#
#.>..# #....'.....#
#....# #....#.....#


You could see Duvessa, Dowan, a hobgoblin and 2 frilled lizards.

Vanquished Creatures
  A scorpion (D:3)
  A jelly (D:4)
  2 iguanas (D:4)
  Natasha (thrice) (D:2)
  4 gnolls (D:3)
  5 adders
  2 dart slugs
  5 orcs
  5 ball pythons
  2 bats
  7 endoplasms
  3 giant cockroaches
  4 hobgoblins
  4 jackals (D:2)
  3 quokkas
  7 frilled lizards
  7 goblins
  6 kobolds
  6 rats
  8 plants (D:4)
85 creatures vanquished.

Notes
Turn   | Place    | Note
-------+----------+-------------------------------------------
     0 | D:1      | koil the Vampire Enchanter began the quest for the Orb.
     0 | D:1      | Reached XP level 1. HP: 13/13 MP: 3/3
   246 | D:1      | Reached XP level 2. HP: 20/20 MP: 5/5
   249 | D:1      | Learned a level 2 spell: Ensorcelled Hibernation
   352 | D:1      | Found Buterph's Armour Emporium.
   700 | D:2      | Gained mutation: You are afflicted with vampirism and can
                  | become a bat while bloodless. [Vampire growth]
   700 | D:2      | Reached XP level 3. HP: 25/25 MP: 3/6
   704 | D:2      | Learned a level 3 spell: Confusing Touch
   773 | D:2      | Reached skill level 5 in Stealth
   864 | D:2      | Reached skill level 1 in Fighting
   875 | D:2      | Noticed Natasha
   881 | D:2      | Killed Natasha
   882 | D:2      | Reached skill level 5 in Hexes
   882 | D:2      | Reached XP level 4. HP: 32/32 MP: 4/7
  1274 | D:2      | Noticed Natasha
  1278 | D:2      | Killed Natasha
  1385 | D:2      | Noticed Natasha
  1391 | D:2      | Killed Natasha
  1392 | D:2      | Reached XP level 5. HP: 37/37 MP: 3/8
  2160 | D:3      | Found a burning altar of Makhleb.
  2164 | D:3      | Became a worshipper of Makhleb the Destroyer
  2620 | D:3      | Reached XP level 6. HP: 19/44 MP: 2/10
  2894 | D:4      | Noticed Dowan
  2904 | D:4      | Noticed Duvessa
  2915 | D:4      | HP: 5/44 [Dowan/+0 dagger (6)]
  2917 | D:4      | Slain by Duvessa

Illustrated notes

Levels and vault maps discovered:
D:1:      minmay_arrival_floating_metal, layout_rooms, serial_shops,
          nicolae_shop_advertising_works [nicolae_subvault_shop_adworks]
D:2:      layout_basic, grunt_ministairs_10, uniq_natasha
D:3:      layout_basic, mainiacjoe_overflow_chevrons, corexii_hall_statues_x
D:4:      layout_gridville, minmay_lizard_king, uniq_duvessa

Skill      XL: |  1  2  3  4  5  6 |
---------------+-------------------+-----
Stealth        | 5 6 |  6.1
Fighting       | 1 2 |  2.2
Hexes          | 5 6 |  6.0
Short Blades   | 2 3 |  3.0
Dodging        | 3 |  3.4
Spellcasting   | 3 |  3.0

Action                   |  1- 3 |  4- 6 || total
-------------------------+-------+-------++-------
Melee: Dagger            |    83 |    71 ||   154
       Bite              |     7 |     4 ||    11
       Punch             |     1 |       ||     1
 Fire: Arbalest          |       |    50 ||    50
 Cast: Ensorcelled Hiber |     2 |    17 ||    19
       Confusing Touch   |       |     3 ||     3
  Use: Potion            |       |     2 ||     2
 Stab: Sleeping          |     8 |     8 ||    16
       Confused          |       |     1 ||     1
Armor: Robe              |    16 |    20 ||    36
       Skin              |       |     2 ||     2
Dodge: Dodged            |    44 |    59 ||   103

Table legend: (Time is in decaauts)
 A = Elapsed time spent in this place.
 B = Non-inter-level travel time spent in this place.
 C = Inter-level travel time spent in this place.
 D = Time resting spent in this place.
 E = Time spent auto-exploring this place.
 F = Levels seen in this place.
 G = Mean time per level.
                   A        B        C        D        E       F      G
               +--------+--------+--------+--------+--------+-----+--------+
         Total |   2958 |   2901 |     57 |     83 |   2175 |   4 |  739.5 |
       Dungeon |   2958 |   2901 |     57 |     83 |   2175 |   4 |  739.5 |
               +--------+--------+--------+--------+--------+-----+--------+

Top non-repeatable levels by time:
     D:3: 1070 daAuts
     D:2: 998 daAuts
     D:1: 652 daAuts
     D:4: 235 daAuts
